 Dungeon Crawl Stone Soup version 0.24.0-13-gcf9b3192b9 (webtiles) character file.

Game seed: 17849482929081882723, levelgen mode: deterministic

333 Delamore the Cleaver (level 6, -1/51 HPs)
             Began as a Hill Orc Fighter on Nov 10, 2019.
             Succumbed to an orc wizard's poison
             ... on level 3 of the Dungeon.
             The game lasted 00:03:25 (1925 turns).

Delamore the Cleaver (Hill Orc Fighter)             Turns: 1925, Time: 00:03:26

Health: -1/51      AC:  6    Str: 21    XL:     6   Next: 52%
Magic:  6/6        EV:  7    Int:  8    God:
Gold:   140        SH:  9    Dex: 10    Spells: 5/5 levels left

rFire    . . .     SeeInvis .   s - +5 mace
rCold    . . .     Gourm    .   c - +0 shield
rNeg     . . .     Faith    .   b - +0 scale mail
rPois    .         Spirit   .   (no helmet)
rElec    .         Reflect  .   (no cloak)
rCorr    .         Harm     .   (no gloves)
MR       .....                  (no boots)
Stlth    ..........             (no amulet)
HPRegen  0.17/turn              p - ring of wizardry
MPRegen  0.10/turn              (no ring)

@: lethally poisoned (-1 -> -20), very slightly contaminated
A: no striking features
a: no special abilities


You were on level 3 of the Dungeon.
You were not hungry.

You visited 1 branch of the dungeon, and saw 3 of its levels.

You collected 140 gold pieces.

Inventory:

Hand Weapons
 a - a +0 war axe
 s - a +5 mace (weapon)
Missiles
 g - 28 poisoned darts (quivered)
Armour
 b - a +0 scale mail (worn)
 c - a +0 shield (worn)
Jewellery
 p - a ring of wizardry (left hand)
Scrolls
 j - 2 scrolls of remove curse
 o - a scroll of magic mapping
 q - a scroll of fear {unknown}
 r - a scroll of immolation {unknown}
 t - 2 scrolls of blinking
 y - a scroll of enchant armour {unknown}
Potions
 d - a potion of might
 e - 2 potions of haste {unknown}
 h - a potion of berserk rage {unknown}
 i - 2 potions of degeneration
 l - a potion of invisibility {unknown}
 m - 2 potions of mutation
 n - 2 potions of curing {unknown}
 u - a potion of heal wounds {unknown}
 w - a potion of lignification {unknown}
 x - a potion of magic {unknown}
Comestibles
 f - 7 rations


   Skills:
 - Level 3.6 Fighting
 + Level 8.9 Axes
 - Level 3.2 Armour
 - Level 3.2 Shields


You had 5 spell levels left.
You didn't know any spells.
Your spell library was empty.

Dungeon Overview and Level Annotations

Branches:
Dungeon (3/15)

Altars:
Ashenzari
Ru


Message History

* * * LOW HITPOINT WARNING * * *
You feel sick.
The orc wizard mumbles some strange words.
The orc wizard seems to speed up.
The orc wizard closely misses you. You block the orc's attack.
You hit the orc wizard.
The orc wizard is heavily wounded.
* * * LOW HITPOINT WARNING * * *
You feel sick.
The orc wizard hits you but does no damage.
The orc hits you with a +0 short sword.
* * * LOW HITPOINT WARNING * * *
The orc wizard barely misses you.
The orc wizard hits you with a +0 dagger.
* * * LOW HITPOINT WARNING * * *
Blink to where?
Press: ? - help, Dir - move target cursor You are very lightly contaminated with residual magic.
As you read the scroll of blinking, it crumbles to dust.
You die...

#.## #.# #.# ###.## ###
#..... ##.## #.#..#
######## ##...#####.#..#
#......#####..........#...
*,##.....@........###.##.#
#.#..)..##.#.....## #.##..
#....)ยง.##.##...## #.....
#.#..ooo##.###.## #.####
*,#........# ### #.#
*.......#### #.#
#.#.###.#****** *.#
#,..,,...,,,,,***** *,****
*##,**##.,,,,,,,,,***,*,,,


You could see an orc wizard.

Vanquished Creatures
  Sigmund (D:3)
  An orc wizard (D:3)
  An orc priest (D:3)
  2 adders (D:2)
  An ooze (D:2)
  5 worms
  A dart slug (D:1)
  An orc (D:3)
  12 bats
  2 giant cockroaches (D:2)
  8 goblins
  12 hobgoblins
  6 jackals
  6 kobolds
  2 ball pythons (D:2)
  8 frilled lizards
  8 rats
77 creatures vanquished.

Notes
Turn   | Place    | Note
-------+----------+-------------------------------------------
     0 | D:1      | Delamore the Hill Orc Fighter began the quest for the Orb.
     0 | D:1      | Reached XP level 1. HP: 19/19 MP: 1/1
    21 | D:1      | Reached skill level 3 in Axes
    94 | D:1      | Reached XP level 2. HP: 26/26 MP: 2/2
   113 | D:1      | Reached skill level 4 in Axes
   150 | D:1      | Reached XP level 3. HP: 18/31 MP: 3/3
   756 | D:2      | Reached skill level 5 in Axes
  1015 | D:2      | Reached XP level 4. HP: 34/39 MP: 4/4
  1030 | D:2      | Found a shattered altar of Ashenzari.
  1301 | D:2      | Found a sacrificial altar of Ru.
  1542 | D:2      | Reached skill level 6 in Axes
  1787 | D:3      | Noticed Sigmund
  1811 | D:3      | Killed Sigmund
  1811 | D:3      | Reached skill level 8 in Axes
  1811 | D:3      | Reached XP level 5. HP: 32/45 MP: 5/5
  1811 | D:3      | Reached XP level 6. HP: 36/51 MP: 6/6
  1924 | D:3      | HP: 1/51 [orc wizard/+0 dagger (2)]
  1925 | D:3      | Succumbed to an orc wizard's poison

Levels and vault maps discovered:
D:1:      dpeg_arrival_arbitrary_b, layout_rooms, wad_floor_pattern_1
D:2:      minmay_razor_zed, layout_basic, nicolae_ashenzari_panopticon,
          nicolae_ru_the_path_less_chosen
D:3:      cheibrodos_greedy_goblins, layout_loops_cross,
          lemuel_coloured_pillars_altar, minmay_pentangle, uniq_terence,
          uniq_robin, uniq_sigmund

Skill      XL: |  1  2  3  4 |
---------------+-------------+-----
Axes           | 3 4 5 8 |  8.9
Fighting       | |  3.6
Armour         | |  3.2
Shields        | |  3.2

Action                   |  1- 3 |  4- 6 || total
-------------------------+-------+-------++-------
Melee: War axe           |   103 |    37 ||   140
       Mace              |       |    54 ||    54
  Use: Scroll            |       |     6 ||     6
  Eat: Chunk             |     1 |     3 ||     4
Armor: Scale mail        |    49 |    40 ||    89
Dodge: Dodged            |    32 |    31 ||    63
Block: Shield            |    61 |    56 ||   117
